 Dungeon Crawl Stone Soup version 0.28-b1-25-g9875b3fc8c (webtiles) character file.

Game seed: 15877084873565488464

2921 cayde69 the Protected (level 9, -9/84 HPs)
             Began as a Minotaur Fighter on Feb 1, 2022.
             Was a Priest of Okawaru.
             Mangled by a hornet (13 damage)
             ... on level 8 of the Dungeon.
             The game lasted 00:15:36 (6686 turns).

cayde69 the Protected (Minotaur Fighter)            Turns: 6686, Time: 00:15:36

Health: -9/84      AC: 16    Str: 25    XL:     9   Next: 50%
Magic:  10/10      EV:  7    Int:  5    God:    Okawaru [***...]
Gold:   315        SH:  5    Dex: 10    Spells: 8/8 levels left

rFire   . . .      SeeInvis .   n - +4 flail
rCold   . . .      Faith    .   c - +0 buckler
rNeg    . . .      Spirit   .   u - +0 plate armour
rPois   .          Reflect  .   (helmet restricted)
rElec   .          Harm     .   p - +0 cloak
rCorr   .          Rampage  .   (no gloves)
Will    .....                   (no boots)
Stlth   ..........              (no amulet)
HPRegen 0.24/turn               (no ring)
MPRegen 0.12/turn               (no ring)

@: lethally poisoned (-9 -> -17), slowed, very slow
A: horns 2, retaliatory headbutt
a: Renounce Religion, Heroism


You were on level 8 of the Dungeon.
You worshipped Okawaru.
Okawaru was most pleased with you.
You visited 2 branches of the dungeon, and saw 8 of its levels.
You also visited: Ossuary.

You collected 315 gold pieces.

Inventory:

Hand Weapons
 a - a +0 war axe
 e - a +2 trident of freezing
 f - a +2 dagger of electrocution
 m - a +0 longbow
 n - a +4 flail (weapon)
 D - a +5 dagger
Missiles
 i - 14 bolts
 k - 50 arrows
Armour
 b - a +0 scale mail
 c - a +0 buckler (worn)
 j - a +2 robe of willpower
 p - a +0 cloak (worn)
 q - a +0 helmet
 u - a +0 plate armour (worn)
Jewellery
 h - a ring of positive energy
Wands
 s - a wand of mindburst (5)
Scrolls
 o - 2 scrolls of immolation
 r - 2 scrolls of vulnerability {unknown}
 w - a scroll of magic mapping {unknown}
 x - a scroll of silence {unknown}
 y - 3 scrolls of teleportation
 A - a scroll of fog {unknown}
 C - a scroll of noise {unknown}
 E - a scroll of holy word {unknown}
Potions
 d - a potion of heal wounds {unknown}
 l - 3 potions of curing {unknown}
 t - a potion of mutation {unknown}
 v - a potion of degeneration {unknown}
 z - a potion of attraction {unknown}
 B - a potion of berserk rage {unknown}
 F - a potion of brilliance {unknown}


   Skills:
 + Level 9.5 Fighting
 - Level 3.4(3.7) Axes
 + Level 0.5(2.2) Maces & Flails
 - Level 2.0(3.0) Polearms
 - Level 10.7 Armour
 - Level 1.0 Dodging
 - Level 0.1 Stealth
 - Level 7.2 Shields
 * Level 3.1 Invocations
 + Level 0.1 Evocations


You had 8 spell levels left.
You didn't know any spells.
Your spell library contained the following spells:

 Spells                   Type           Power      Damage    Failure   Level
 Sting                    Tmut/Pois      0%         1d3       100%        1
 Poisonous Vapours        Pois/Air       0%         N/A       100%        2
 Gell's Gravitas          Tloc           0%         N/A       100%        3
 Lesser Beckoning         Tloc           0%         N/A       100%        3
 Teleport Other           Tloc           0%         N/A       100%        3
 Olgreb's Toxic Radiance  Pois           0%         N/A       100%        4


Dungeon Overview and Level Annotations

Branches:
Dungeon (8/15)             Temple (1/1) D:5         Ossuary (visited)
   Lair: D:8-11

Altars:
Ashenzari
Cheibriados
Dithmenos
Fedhas
Gozag
Kikubaaqudgha
Nemelex Xobeh
Okawaru
Ru
Trog
Uskayaw
Vehumet
Wu Jian
Xom
Yredelemnul
Zin

Shops:
D:5 ?


Innate Abilities, Weirdness & Mutations

You have a pair of horns on your head.
You reflexively headbutt those who attack you in melee.


Message History

You closely miss the hornet.
The hornet is heavily wounded.
You feel very sick. The hornet stings you.
You feel as though you will be slow longer.
You block the hornet's attack.
You miss the hornet.
The hornet is heavily wounded.
You feel very sick. You block the hornet's attack. The hornet stings you.
You are more poisoned.
You feel as though you will be slow longer.
The hornet closely misses you.
As you read the scroll of fear, it crumbles to dust.
You assume a fearsome visage.
The hornet looks frightened!
The yak looks frightened! x2
You feel very sick.
Cornered, the hornet turns to fight!
You hit the hornet but do no damage.
You headbutt the hornet, but do no damage.
The hornet is heavily wounded.
You feel very sick. You block the hornet's attack. The hornet stings you.
* * * LOW HITPOINT WARNING * * *
You suddenly lose the ability to move!
The hornet stings you!
* * * LOW HITPOINT WARNING * * *
You are lethally poisoned!
You feel as though you will be slow longer.
Cornered, the yak turns to fight!
The hornet stings you but does no damage.
* * * LOW HITPOINT WARNING * * *
You feel very sick.
The hornet stings you but does no damage.
You can move again.
You closely miss the hornet. You headbutt the hornet!
The hornet is almost dead.
* * * LOW HITPOINT WARNING * * *
You feel very sick. You block the hornet's attack. The hornet stings you!
You die...

###...#.# .
### ##..##
##.####...#
##..#......#
#......##.##
#...#...#.#
##..#...###
####.....##
#Yy@..####
###Y#####..
#.Y.......#
##..#####..
#..Y...#
#..Y...##
##.....#
###.....
#.....


You could see 3 yaks and a hornet.

Vanquished Creatures
  A kobold demonologist (D:6)
  Prince Ribbit (D:5)
  3 yaks (D:6)
  2 steam dragons (D:7)
  2 black bears
  A necrophage (D:7)
  A sky beast (D:7)
  An ogre (D:7)
  2 kobold brigands
  An elf zombie (Ossuary)
  Blork the orc (D:4)
  3 scorpions
  2 water moccasin skeletons (D:5)
  4 wights (D:7)
  A centaur zombie (Ossuary)
  A hound (D:6)
  5 human zombies (Ossuary)
  3 orc priests (D:6)
  A bullfrog skeleton (D:5)
  Ijyb (D:5)
  A centaur skeleton (D:7)
  3 iguanas
  2 orc wizards (D:6)
  A hound zombie (Ossuary)
  3 mummies (Ossuary)
  3 adders
  A howler monkey skeleton (D:7)
  A white imp (D:7)
  An adder skeleton (D:4)
  5 adder zombies (Ossuary)
  9 dart slugs
  6 orcs
  4 endoplasms
  A giant cockroach (D:1)
  A goblin (D:1)
  2 hobgoblins
  4 jackals (D:1)
  4 quokkas
  7 ball pythons
  A gnoll zombie (Ossuary)
  6 goblin zombies
  3 hobgoblin zombies (Ossuary)
  A jackal zombie (Ossuary)
  7 kobolds
  4 kobold zombies
  3 orc zombies (Ossuary)
  3 quokka zombies (Ossuary)
  3 rats (D:1)
  4 rat zombies (Ossuary)
131 creatures vanquished.

Notes
Turn   | Place    | Note
-------+----------+-------------------------------------------
     0 | D:1      | cayde69 the Minotaur Fighter began the quest for the Orb.
     0 | D:1      | Reached XP level 1. HP: 19/19 MP: 0/0
   206 | D:1      | Found Amamesko's Armour Shoppe.
   245 | D:1      | Reached XP level 2. HP: 17/27 MP: 1/1
   525 | D:1      | Reached skill level 4 in Armour
  1177 | D:1      | Reached XP level 3. HP: 30/33 MP: 2/2
  1471 | D:2      | You fall into a shaft and drop 2 floors!
  1542 | D:4      | Found a glowing silver altar of Zin.
  1670 | D:4      | Noticed Blork the orc
  1676 | D:4      | Killed Blork the orc
  1677 | D:4      | Reached XP level 4. HP: 32/41 MP: 3/3
  1849 | D:4      | Found an ornate altar of the Wu Jian Council.
  1936 | D:4      | Reached XP level 5. HP: 38/47 MP: 4/4
  2438 | D:5      | Entered Level 5 of the Dungeon
  2443 | D:5      | Reached skill level 1 in Polearms
  2443 | D:5      | Reached skill level 5 in Armour
  2446 | D:5      | Reached skill level 5 in Fighting
  2446 | D:5      | Reached skill level 1 in Dodging
  2575 | D:5      | Reached XP level 6. HP: 56/56 MP: 5/5
  2586 | D:5      | Reached skill level 6 in Armour
  2758 | D:5      | Noticed Ijyb
  2764 | D:5      | Killed Ijyb
  2978 | D:5      | Found Apunoedd's Magic Scroll Shop.
  3033 | D:5      | Noticed Prince Ribbit
  3057 | D:5      | Killed Prince Ribbit
  3058 | D:5      | Reached skill level 7 in Armour
  3058 | D:5      | Reached skill level 5 in Shields
  3058 | D:5      | Reached XP level 7. HP: 31/62 MP: 6/6
  3239 | D:5      | Found a staircase to the Ecumenical Temple.
  3249 | Temple   | Entered the Ecumenical Temple
  3559 | Temple   | Became a worshipper of Warmaster Okawaru
  3905 | D:6      | Found a sand-covered staircase.
  4013 | Ossuary  | Entered an ossuary
  4102 | Ossuary  | Reached skill level 8 in Armour
  4406 | Ossuary  | Reached XP level 8. HP: 70/70 MP: 7/7
  4447 | Ossuary  | Reached * piety under Okawaru
  4561 | D:6      | Reached skill level 9 in Armour
  4730 | D:6      | HP: 3/71 [something/puff of flame (7)]
  5123 | D:6      | Reached ** piety under Okawaru
  5124 | D:6      | Reached skill level 10 in Armour
  5794 | D:6      | Noticed a kobold demonologist
  5813 | D:6      | Killed a kobold demonologist
  5814 | D:6      | Reached XP level 9. HP: 80/81 MP: 8/8
  6086 | D:7      | Reached skill level 1 in Invocations
  6333 | D:7      | Reached *** piety under Okawaru
  6674 | D:8      | Paralysed by a hornet for 1 turns
  6684 | D:8      | Paralysed by a hornet for 3 turns
  6686 | D:8      | HP: 4/84 [poisoned by a hornet]
  6686 | D:8      | Mangled by a hornet

Illustrated notes

Levels and vault maps discovered:
D:1:      shiori_arrival_elements, layout_basic, serial_shops, shop,
          serial_rivers, chequers_serial_rivers_large_a,
          chequers_serial_rivers_small_a, chequers_serial_rivers_micro_c,
          chequers_serial_rivers_micro_e, chequers_serial_rivers_marsh,
          chequers_serial_rivers_small_3, nrook_mini_vaults
D:2:      layout_loops_ring, hellmonk_ecumenical_altar_arch_garden,
          uniq_crazy_yiuf_cottage, uniq_robin
D:4:      kennysheep_slugbush, layout_basic, zin_treasury,
          mainiacjoe_overflow_six_doors_small, uniq_blork_the_orc
D:5:      layout_loops_ring, temple_hall, serial_shops, shop,
          amcnicky_mini_rare_corridor_liquid, minmay_fractal_squares_5,
          uniq_prince_ribbit1, uniq_ijyb
D:6:      layout_loops_ring, enter_ossuary_3
D:7:      layout_rooms
D:8:      minmay_general_purpose_star, layout_cave_pools,
          mainiacjoe_overflow_tiny_flanked, minitemple, minmay_circle_x,
          uniq_maggie
Temple:   eino_temple_water

Skill      XL: |  1  2  3  4  5  6  7  8  9 |
---------------+----------------------------+-----
Armour         | 4 5 7 8 10 | 10.7
Shields        | 4 5 7 |  7.2
Fighting       | 4 5 6 8 9 |  9.5
Axes           | 3 |  3.4
Polearms       | 2 |  2.0
Dodging        | 1 |  1.0
Invocations    | 3 |  3.1
Maces & Flails | |  0.5
Stealth        | |  0.1
Evocations     | |  0.1

Action                   |  1- 3 |  4- 6 |  7- 9 || total
-------------------------+-------+-------+-------++-------
Melee: War axe           |    61 |       |       ||    61
       Headbutt          |     6 |    12 |    68 ||    86
       Trident           |       |    68 |   308 ||   376
       Flail             |       |       |    20 ||    20
Evoke: Wand              |       |       |     1 ||     1
  Use: Potion            |       |     2 |     2 ||     4
       Scroll            |       |       |     4 ||     4
Armor: Scale mail        |    18 |    35 |       ||    53
       Plate armour      |       |     6 |   193 ||   199
Dodge: Dodged            |    30 |    26 |    99 ||   155
Block: Buckler           |    14 |    14 |    76 ||   104
